 Dungeon Crawl Stone Soup version 0.20.1-1-g8b1a95d (webtiles) character file.

445 vineage the Shield-Bearer (level 7, 0/42 HPs)
             Began as a Gargoyle Fighter on Sept 24, 2017.
             Killed from afar by Dowan (16 damage)
             ... with a shard of ice
             ... on level 4 of the Dungeon.
             The game lasted 00:03:23 (2227 turns).

vineage the Shield-Bearer (Gargoyle Fighter)        Turns: 2227, Time: 00:03:24

Health: 0/42       AC: 12    Str: 20    XL:     7   Next: 3%
Magic:  7/7        EV:  8    Int:  9    God:
Gold:   168        SH: 10    Dex: 10    Spells: 6/6 levels left

rFire    . . .     SeeInvis .   a - +0 flail
rCold    . . .     Gourm    .   c - +0 shield
rNeg     + . .     Faith    .   b - +0 scale mail
rPois    ∞         Spirit   .   (no helmet)
rElec    +         Reflect  .   (no cloak)
rCorr    .         Harm     .   (no gloves)
MR       .....                  (no boots)
Stlth    ..........             (no amulet)
Regen    0.2/turn               (no ring)
MPRegen  0.1/turn               (no ring)

@: hasted (expiring), glowing, very quick
A: negative energy resistance 1, electricity resistance, unbreathing,
petrification resistance, rot immunity, AC +4
a: no special abilities


You were on level 4 of the Dungeon.
You were not hungry.

You visited 1 branch of the dungeon, and saw 4 of its levels.

You collected 168 gold pieces.

Inventory:

Hand Weapons
 a - a +0 flail (weapon)
Armour
 b - a +0 scale mail (worn)
 c - a +0 shield (worn)
Jewellery
 s - a cursed amulet of inaccuracy {unknown}
Scrolls
 d - a scroll of amnesia {unknown}
 g - 2 scrolls of teleportation {unknown}
 i - 2 scrolls of remove curse {unknown}
 k - a scroll of fear {unknown}
 n - a scroll of blinking {unknown}
 r - a scroll of immolation {unknown}
Potions
 h - a potion of curing
 o - a potion of agility
 p - a potion of resistance {unknown}
 q - a potion of mutation {unknown}
Comestibles
 f - 2 bread rations
 j - 2 meat rations
 m - 2 royal jellies


   Skills:
 + Level 3.9 Fighting
 + Level 4.2 Maces & Flails
 + Level 4.6 Armour
 + Level 2.0 Dodging
 + Level 5.2 Shields


You had 6 spell levels left.
You didn't know any spells.

Dungeon Overview and Level Annotations

Branches:
Dungeon (4/15)
 Temple: D:4-7

Altars:

Annotations:
D:4 Dowan


Innate Abilities, Weirdness & Mutations

You are resistant to torment.
Your stone body is resilient. (AC +4)
You are immune to poison.
You resist negative energy. (rN+)
You are resistant to electric shocks. (rElec)
You can survive without breathing.
You are immune to petrification.
You are immune to rotting.


Message History

You are too injured to fight recklessly!
You are too injured to fight recklessly!
You are too injured to fight recklessly!
You are too injured to fight recklessly!
You are too injured to fight recklessly!
You are too injured to fight recklessly!
You are too injured to fight recklessly!
You are too injured to fight recklessly!
You are too injured to fight recklessly!
You are too injured to fight recklessly!
You are too injured to fight recklessly!
You feel better. You block Dowan's attack.
You closely miss Dowan.
Dowan is severely wounded.
Dowan hits you but does no damage.
You barely miss Dowan.
Dowan is severely wounded.
Dowan points at you and mumbles some strange words.
The shard of ice hits you!
You die...

.# # .#.# ######
##.#.### ....
....... ... ......
#.# #..#.#
#.#####.####..#.####
........)@e.........
#.#####.####..#.###
....####..#.####
####............ ##
#####....####
##<##########....#
.................#
.........^......>#
#...............#


You could see Dowan.

Vanquished Creatures
  Duvessa (D:4)
  A phantom (D:3)
  A vampire bat (D:3)
  7 gnolls (D:3)
  4 adders
  2 oozes
  3 dart slugs
  3 leopard geckos
  4 orcs (D:3)
  19 bats
  4 giant cockroaches
  7 goblins
  12 hobgoblins
  2 jackals (D:2)
  2 quokkas (D:2)
  5 frilled lizards
  8 kobolds
  7 rats
92 creatures vanquished.

Notes
Turn   | Place    | Note
-------+----------+-------------------------------------------
     0 | D:1      | vineage the Gargoyle Fighter began the quest for the Orb.
     0 | D:1      | Reached XP level 1. HP: 14/14 MP: 1/1
    33 | D:1      | Reached XP level 2. HP: 17/19 MP: 2/2
   229 | D:1      | Reached XP level 3. HP: 15/23 MP: 3/3
   721 | D:2      | Reached skill level 4 in Shields
   768 | D:2      | Reached XP level 4. HP: 23/28 MP: 4/4
  1093 | D:3      | Noticed a phantom
  1156 | D:3      | Killed a phantom
  1156 | D:3      | Reached skill level 1 in Dodging
  1156 | D:3      | Reached XP level 5. HP: 15/32 MP: 5/5
  1563 | D:3      | Reached XP level 6. HP: 24/38 MP: 6/6
  1972 | D:3      | Reached skill level 5 in Shields
  2193 | D:4      | Noticed Duvessa
  2194 | D:4      | Noticed Dowan
  2219 | D:4      | Killed Duvessa
  2219 | D:4      | Reached XP level 7. HP: 25/42 MP: 7/7
  2227 | D:4      | Killed from afar by Dowan

Skill      XL: |  1  2  3  4  5  6 |
---------------+-------------------+-----
Shields        | 4 5 |  5.2
Maces & Flails | 3 4 |  4.2
Armour         | 4 |  4.6
Dodging        | 1 2 |  2.0
Fighting       | |  3.9

Action                   |  1- 3 |  4- 6 |  7- 9 || total
-------------------------+-------+-------+-------++-------
Melee: Flail             |   137 |   261 |     7 ||   405
  Use: Potion            |       |     2 |     1 ||     3
       Scroll            |       |     3 |       ||     3
  Eat: Chunk             |       |     5 |       ||     5
Armor: Scale mail        |    82 |   155 |     3 ||   240
Dodge: Dodged            |    47 |   124 |     1 ||   172
Block: Shield            |    82 |   172 |     2 ||   256
